 Dungeon Crawl Stone Soup version 0.19-a0-1895-g783e625 (webtiles) character file.

380 lorenzova the Poker (level 6, -3/49 HPs)
             Began as a Merfolk Skald on Oct 18, 2016.
             Slain by Pikel
             ... wielding a +0 whip of flaming
              (9 damage)
             ... on level 3 of the Dungeon.
             The game lasted 00:06:03 (3741 turns).

lorenzova the Poker (Merfolk Skald)                 Turns: 3741, Time: 00:06:04

Health: -3/49      AC:  6    Str: 14    XL:     6   Next: 75%
Magic:  3/9        EV: 14    Int: 10    God:
Gold:   180        SH:  0    Dex: 11    Spells: 2 memorised, 6 levels left

rFire  . . .     SeeInvis .     s - +0 trident
rCold  . . .     Gourm    +     l - +2 robe
rNeg   . . .     Faith    .     (no shield)
rPois  .         Spirit   .     (no helmet)
rElec  .         Reflect  .     m - +0 cloak
rCorr  .         Harm     .     (no gloves)
MR     +....                    o - +0 pair of boots
Stlth  +.........               i - amulet of the gourmand
                                (no ring)
                                C - ring of protection from magic

@: infused
A: change form in water, swift swim, stealthy swim, clumsy 1, dopey 1
a: no special abilities


You were on level 3 of the Dungeon.
You were very full.

You visited 1 branch of the dungeon, and saw 4 of its levels.
You also visited: Sewer.

You collected 180 gold pieces.

Inventory:

Hand Weapons
 a - a +0 spear
 s - a +0 trident (weapon)
Armour
 b - a +0 leather armour
 l - a +2 robe (worn)
 m - a +0 cloak (worn)
 o - a +0 pair of boots (worn)
Jewellery
 i - an amulet of the gourmand (around neck)
 C - a ring of protection from magic (left hand)
Wands
 j - a wand of slowing (48/48)
Scrolls
 g - a scroll of recharging
 k - a scroll of magic mapping {unknown}
 t - 3 scrolls of teleportation
 u - a scroll of remove curse {unknown}
 y - a scroll of identify {unknown}
 A - a scroll of blinking {unknown}
Potions
 e - a potion of agility {unknown}
 f - 2 potions of mutation
 q - a potion of magic {unknown}
 r - 2 potions of curing {unknown}
 v - 2 potions of brilliance {unknown}
 w - a potion of might {unknown}
 x - 2 potions of heal wounds
 z - 2 potions of haste {unknown}
 B - a potion of invisibility {unknown}
Books
 c - a book of Battle

   Spells                             Type                      Level
   a - Infusion                       Charms                       1
   b - Shroud of Golubria             Charms/Translocation         2
   c - Song of Slaying                Charms                       2
   d - Spectral Weapon                Hexes/Charms                 3
   e - Regeneration                   Charms/Necromancy            3
 D - a book of Cantrips

   Spells                             Type                      Level
   a - Confusing Touch                Hexes                        1
   b - Animate Skeleton               Necromancy                   1
   c - Summon Small Mammal            Summoning                    1
   d - Apportation                    Translocation                1
Comestibles
 d - 3 bread rations
 h - 2 fruits
 n - a beef jerky
 p - 2 slices of pizza


   Skills:
 + Level 4.7 Fighting
 + Level 6.3 Polearms
 - Level 0.6 Armour
 + Level 5.0 Dodging
 - Level 2.0 Spellcasting
 - Level 3.2 Charms


You had 6 spell levels left.
You knew the following spells:

 Your Spells              Type           Power        Failure   Level  Hunger
a - Infusion              Chrm           #...         10%         1    ##.....
b - Song of Slaying       Chrm           #.......     14%         2    ###....


Dungeon Overview and Level Annotations

Branches:
Dungeon (4/15)
 Temple: D:4-7

Altars:

Annotations:
D:3 Pikel


Innate Abilities, Weirdness & Mutations

You revert to your normal form in water.
You are very nimble and swift while swimming.
You are very stealthy in the water. (Stealth+)
You are clumsy. (Dex -2)
You are dopey. (Int -2)


Message History

Casting: Infusion
Confirm with . or Enter, or press ? or * to list all spells.
You begin infusing your attacks with magical energy.
Pikel completely misses you.
You hit Pikel but do no damage.
Pikel is moderately wounded.
Pikel hits you but does no damage.
You barely miss Pikel.
Pikel is moderately wounded.
Pikel hits you but does no damage.
You barely miss Pikel.
Pikel is moderately wounded.
Pikel hits you with a whip of flaming.
* * * LOW HITPOINT WARNING * * *
Pikel burns you.
* * * LOW HITPOINT WARNING * * *
It was a potion of mutation.
You feel extremely strange.
You feel stupid.
You feel clumsy. Pikel hits you with a whip of flaming!
You die...

.#.# #.#.# #.#.# #.............
.#.#####.#.# #.#.# #.............
.........#.# #.#.# #.............
.#.#######.# #...###.............
.....).....# #..(...############.
...######### #....(.# #.
.#....########.....(#############
.##............K....((...........
................@...#############
#....###########....#
.........<..........#
#.##.##.#.####...####
#.##.##.#........#
#.#####.#######..#
.................#
################.#
..........†......#


You could see Pikel.

Vanquished Creatures
  A hippogriff (D:3)
  Jessica (D:2)
  Terence (D:2)
  3 river rats (Sewer)
  3 adders (D:3)
  An ooze (D:1)
  2 worms
  6 dart slugs
  2 leopard geckos
  5 ball pythons
  2 giant cockroaches
  9 goblins
  4 hobgoblins
  9 bats
  12 frilled lizards
  15 kobolds
  16 rats
92 creatures vanquished.

Notes
Turn   | Place    | Note
-------+----------+-------------------------------------------
     0 | D:1      | lorenzova the Merfolk Skald began the quest for the Orb.
     0 | D:1      | Reached XP level 1. HP: 16/16 MP: 3/3
    91 | D:1      | Reached XP level 2. HP: 5/23 MP: 0/5
   346 | D:1      | Learned a level 2 spell: Song of Slaying
   847 | D:1      | Reached XP level 3. HP: 24/28 MP: 6/6
  1091 | D:1      | Reached skill level 4 in Polearms
  1474 | D:2      | Found a faded altar of an unknown god.
  1474 | D:2      | Noticed Jessica
  1480 | D:2      | Killed Jessica
  1480 | D:2      | Reached XP level 4. HP: 33/35 MP: 3/7
  2046 | D:2      | Noticed Terence
  2060 | D:2      | Killed Terence
  2351 | D:3      | Found a glowing drain.
  2369 | Sewer    | Entered a sewer
  2396 | Sewer    | Reached XP level 5. HP: 41/41 MP: 8/8
  2402 | Sewer    | Reached skill level 5 in Polearms
  2897 | D:3      | Noticed a hippogriff
  2907 | D:3      | Killed a hippogriff
  2907 | D:3      | Reached skill level 6 in Polearms
  2907 | D:3      | Reached skill level 5 in Dodging
  2907 | D:3      | Reached XP level 6. HP: 14/49 MP: 1/9
  3714 | D:4      | Noticed Pikel
  3714 | D:4      | Noticed a slave
  3714 | D:4      | Noticed a slave
  3714 | D:4      | Noticed a slave
  3714 | D:4      | Noticed a slave
  3741 | D:3      | Gained mutation: You are dopey. (Int -2) [potion of mutation]
  3741 | D:3      | Gained mutation: You are clumsy. (Dex -2) [potion of mutation]
  3741 | D:3      | Slain by Pikel

Vault maps used:
D:1:      dpeg_arrival_leaves_temple_mockup, minmay_misc_feat_room
D:2:      ecumenical_altar_1, first_bread, uniq_jessica, uniq_terence
D:3:      portal_sewer_entry_a
D:4:      minmay_close_crescents, uniq_menkaure, uniq_natasha, uniq_pikel
Sewer:    sewer_co_cracked_pipes

Skill      XL: |  1  2  3  4  5 |
---------------+----------------+-----
Dodging        | 2 3 5 |  5.0
Polearms       | 4 6 |  6.3
Fighting       | 3 4 |  4.7
Armour         | |  0.6
Spellcasting   | |  2.0
Charms         | |  3.2

Action                   |  1- 3 |  4- 6 || total
-------------------------+-------+-------++-------
Melee: Spear             |   101 |    74 ||   175
       Trident           |       |   176 ||   176
 Cast: Infusion          |     4 |     4 ||     8
  Use: Scroll            |       |     2 ||     2
       Potion            |       |     1 ||     1
 Stab: Distracted        |     1 |       ||     1
       Sleeping          |       |     2 ||     2
  Eat: Chunk             |     5 |    16 ||    21
Armor: Leather armour    |     9 |       ||     9
       Robe              |       |    43 ||    43
Dodge: Dodged            |    46 |   147 ||   193
